 Dungeon Crawl Stone Soup version 0.24.0-123-gd5b16e6ec5 (webtiles) character file.

Game seed: 11330518505781933695, levelgen mode: deterministic

406 Elellon the Ruffian (level 6, -1/59 HPs)
             Began as a Troll Monk on Jan 20, 2020.
             Killed from afar by an orc wizard (7 damage)
             ... with a magic dart
             ... on level 3 of the Dungeon.
             The game lasted 00:01:48 (1361 turns).

Elellon the Ruffian (Troll Monk)                    Turns: 1361, Time: 00:01:49

Health: -1/59      AC:  6    Str: 22    XL:     6   Next: 56%
Magic:  5/5        EV: 10    Int:  6    God:
Gold:   82         SH:  0    Dex: 12    Spells: 5/5 levels left

rFire    . . .     SeeInvis .     - Unarmed
rCold    . . .     Gourm    +   (no shield)
rNeg     . . .     Faith    .   a - +0 robe
rPois    .         Spirit   .   (helmet restricted)
rElec    .         Reflect  .   (no cloak)
rCorr    .         Harm     .   (gloves unavailable)
MR       .....                  (boots unavailable)
Stlth    ++........             (no amulet)
HPRegen  0.59/turn              (no ring)
MPRegen  0.09/turn              (no ring)

@: no status effects
A: large, unfitting armour, claws 3, fast metabolism 3, gourmand, regeneration
1, shaggy fur 1, tough skin 3
a: no special abilities


You were on level 3 of the Dungeon.
You were completely stuffed.

You visited 1 branch of the dungeon, and saw 3 of its levels.

You collected 82 gold pieces.

Inventory:

Armour
 a - a +0 robe (worn)
Wands
 k - a wand of scattershot (6)
Scrolls
 c - 3 scrolls of remove curse {unknown}
 d - a scroll of blinking {unknown}
 h - 2 scrolls of magic mapping {unknown}
 j - a scroll of teleportation {unknown}
 l - a scroll of fear {unknown}
Potions
 e - 2 potions of degeneration {unknown}
 f - a potion of ambrosia {unknown}
 g - a potion of might {unknown}
 m - a potion of heal wounds {unknown}
 n - a potion of agility {unknown}
Comestibles
 b - 3 rations
 i - 20 chunks of flesh


   Skills:
 - Level 2.4 Fighting
 - Level 2.4 Dodging
 - Level 1.0 Stealth
 + Level 7.5 Unarmed Combat


You had 5 spell levels left.
You didn't know any spells.
Your spell library was empty.

Dungeon Overview and Level Annotations

Branches:
Dungeon (3/15)

Altars:
Fedhas
Qazlal


Innate Abilities, Weirdness & Mutations

You are too large for most types of armour.
You have claws for hands.
Your metabolism is lightning-fast.
You like to eat raw meat.
Your natural rate of healing is unusually fast.
You are covered in fur. (AC +1)
You have extremely tough skin. (AC +3)


Message History

The orc priest is almost dead.
The orc wizard casts a spell.
The orc wizard blinks!
The orc barely misses you.
The orc priest invokes the aid of Beogh against you.
Beogh smites you!
* * * LOW HITPOINT WARNING * * *
The orc hits you but does no damage.
You claw the orc priest!
You kill the orc priest!
The orc misses you. The orc hits you but does no damage. x2
The orc wizard casts a spell.
The orc wizard blinks!
The orc hits you but does no damage.
The orc wizard gestures wildly while chanting.
The orc wizard blinks!
The orc wizard mumbles some strange words.
The orc wizard blinks!
The orc wizard casts a spell at you. The magic dart hits you!
You die...

#......# #.# #.
#......# #.# #.
#......## ..#####.# #.
#.......
.......######.
#......# #..
♣.......)[. #......#
#.♣ #♣..#######
#.....)# ##.♣ ♣..#
#......####..♣# #♣.##
...####..Jo.@...♣♣♣..#
#..oo..........#
#..........##.##
#....o....###.#
#..$......# #.#
#.........# #.#
##'######.# #.# #..
..# ..# ## ### ##


You could see a jelly, an orc wizard and 3 orcs.

Vanquished Creatures
  Sigmund (D:1)
  2 orc priests (D:3)
  An orc wizard (D:3)
  Jessica (D:2)
  Terence (D:2)
  3 gnolls (D:3)
  2 worms (D:2)
  3 dart slugs (D:1)
  A leopard gecko (D:2)
  6 orcs (D:3)
  2 ball pythons
  3 bats
  2 giant cockroaches
  4 goblins
  3 hobgoblins
  10 jackals
  5 kobolds (D:1)
  A quokka (D:2)
  A frilled lizard (D:2)
  5 rats (D:1)
57 creatures vanquished.

Notes
Turn   | Place    | Note
-------+----------+-------------------------------------------
     0 | D:1      | Elellon the Troll Monk began the quest for the Orb.
     0 | D:1      | Reached XP level 1. HP: 22/22 MP: 0/0
   127 | D:1      | Reached XP level 2. HP: 29/29 MP: 1/1
   212 | D:1      | Reached skill level 4 in Unarmed Combat
   647 | D:2      | Noticed Sigmund
   669 | D:1      | Killed Sigmund
   669 | D:1      | Reached skill level 6 in Unarmed Combat
   669 | D:1      | Reached XP level 3. HP: 20/36 MP: 2/2
   669 | D:1      | Reached XP level 4. HP: 25/44 MP: 3/3
   669 | D:1      | Reached XP level 5. HP: 28/50 MP: 4/4
   751 | D:2      | Noticed Jessica
   753 | D:2      | Found a blossoming altar of Fedhas.
   754 | D:2      | Killed Jessica
   915 | D:2      | Found a stormy altar of Qazlal.
   915 | D:2      | Noticed Terence
   923 | D:2      | Killed Terence
  1022 | D:2      | Reached XP level 6. HP: 59/59 MP: 5/5
  1188 | D:3      | Reached skill level 7 in Unarmed Combat
  1361 | D:3      | Killed from afar by an orc wizard

Levels and vault maps discovered:
D:1:      co_arrival_square_in_a_square_in_a_square, layout_loops_ring
D:2:      layout_rooms, lemuel_coloured_pillars_altar, fedhas_altar_1,
          uniq_sigmund, uniq_jessica, uniq_terence
D:3:      layout_basic, overflow_temple_1_default, first_ration,
          minmay_stone_trees_small, grunt_decor_mini_mirrors,
          cheibrodos_gnoll_hut

Skill      XL: |  1  2  3  4  5  6 |
---------------+-------------------+-----
Unarmed Combat | 6 7 |  7.5
Fighting       | |  2.4
Dodging        | |  2.4
Stealth        | |  1.0

Action                   |  1- 3 |  4- 6 || total
-------------------------+-------+-------++-------
Melee: Unarmed           |    55 |    88 ||   143
       Punch             |       |     3 ||     3
 Stab: Sleeping          |     1 |     1 ||     2
  Eat: Chunk             |    10 |     8 ||    18
Armor: Robe              |    33 |    26 ||    59
Dodge: Dodged            |    40 |    49 ||    89
